 Dungeon Crawl Stone Soup version 0.31-a0-152-g6aa68a64a1 (webtiles) character file.

Game seed: 3135765044263834329

592 qw the Chopper (level 7, 0/43 HPs)
             Began as a Gargoyle Fighter on June 10, 2023.
             Slain by a gnoll sergeant
             ... wielding a +0 vampiric spear
              (3 damage)
             ... on level 5 of the Dungeon.
             The game lasted 00:01:49 (3110 turns).

qw the Chopper (Gargoyle Fighter)                   Turns: 3110, Time: 00:01:49

Health: 0/43       AC: 13    Str: 21    XL:     7   Next: 39%
Magic:  7/7        EV:  8    Int:  9    God:
Gold:   262        SH:  4    Dex:  9    Spells: 6/6 levels left

rFire   . . .        Y - +1 war axe
rCold   . . .        c - +0 buckler
rNeg    + . .        i - +0 chain mail
rPois   inf          (no helmet)
rElec   +            (no cloak)
rCorr   .            (no gloves)
SInv    .            (no boots)
Will    .....        (no amulet) Stlth
                     (no ring)
HPRegen 0.27/turn    (no ring)
MPRegen 0.10/turn

%: no passive effects
@: no status effects
A: sickness immunity, AC +4, negative energy resistance 1, electricity
resistance, torment resistance 1, petrification resistance
a: no special abilities


You were on level 5 of the Dungeon.
You visited 1 branch of the dungeon, and saw 5 of its levels.

You collected 262 gold pieces.


Innate Abilities, Weirdness & Mutations

You are immune to sickness and miasma.
Your stone body is resilient. (AC +4)
You are immune to poison.
You resist negative energy. (rN+)
You are resistant to electric shocks. (rElec)
You are resistant to unholy torment.
You are immune to petrification.


   Skills:
 - Level 4.0 Fighting
 + Level 6.7 Axes
 - Level 3.2 Armour
 - Level 1.3 Dodging
 - Level 3.2 Shields


You had 6 spell levels left.
You didn't know any spells.
Your spell library was empty.

Inventory:

Hand Weapons
 e - a +0 flail
 Y - a +1 war axe (weapon)
Armour
 c - a +0 buckler (worn)
 h - a +1 ring mail of cold resistance
 i - a +0 chain mail (worn)
Potions
 d - 2 potions of might
 f - a potion of mutation {unknown}
 g - a potion of lignification {unknown}
 j - a potion of curing {unknown}

Dungeon Overview and Level Annotations

Branches:
Dungeon (5/15)
 Temple: D:4-7

Altars:
Elyvilon
Vehumet

Annotations:
D:4 1 runed translucent door, Crazy Yiuf


Message History

The gnoll sergeant shouts!
The gnoll shouts!
You hear a shout!
The gnoll hits you with a +0 spear. The dart slug launches a dart at you.
The slug dart misses you.
You hit the gnoll but do no damage. You block the gnoll's attack.
You barely miss the gnoll.
A gnoll comes into view. It is wielding a +0 spear.
The gnoll sergeant hits you from afar with a +0 vampiric spear.
The gnoll hits you but does no damage. x2
The gnoll sergeant hits you from afar with a +0 vampiric spear.
The gnoll moves out of view.
You slash the gnoll!
You kill the gnoll!
The gnoll sergeant barely misses you.
The gnoll sergeant hits you with a +0 vampiric spear.
The dart slug launches a dart at you. The slug dart hits you.
You see here a +0 spear.
You hit the gnoll sergeant.
The gnoll sergeant is lightly wounded.
The gnoll sergeant hits you with a +0 vampiric spear.
You barely miss the gnoll sergeant.
The gnoll sergeant is lightly wounded.
You block the gnoll sergeant's attack.
You barely miss the gnoll sergeant.
The gnoll sergeant is lightly wounded.
You slash the dart slug!
The gnoll sergeant hits you with a +0 vampiric spear.
The gnoll sergeant hits you with a +0 vampiric spear!
You barely miss the dart slug.
The dart slug is severely wounded.
You barely miss the gnoll sergeant.
The dart slug bites you but does no damage.
The gnoll sergeant hits you with a +0 vampiric spear.
You hit the dart slug.
You kill the dart slug!
You slash the gnoll sergeant!
The gnoll sergeant hits you with a +0 vampiric spear.
You die...

### #.. #g# ##
#g# .w #g# .#
#g# ..#
#@####..#
####!......#
#......<...#
#...##########
###


You could see a gnoll sergeant and 3 gnolls.

Vanquished Creatures
  Grinder (D:3)
  An ogre (D:4)
  A hound (D:4)
  A jelly (D:4)
  An iguana (D:4)
  Natasha (thrice) (D:4)
  An orc wizard (D:4)
  A gnoll (D:5)
  2 adders
  2 worms
  4 dart slugs
  4 orcs
  7 endoplasms
  2 giant cockroaches
  8 hobgoblins
  10 jackals
  11 kobolds
  3 quokkas
  4 ball pythons
  7 bats
  4 frilled lizards
  11 goblins
  6 rats
95 creatures vanquished.

Notes
Turn   | Place    | Note
-------+----------+-------------------------------------------
     0 | D:1      | qw the Gargoyle Fighter began the quest for the Orb.
     0 | D:1      | Reached XP level 1. HP: 14/14 MP: 1/1
     0 | D:1      | 0 ||| qw: Version: 0.2-a-29-g767f381
     0 | D:1      | 0 ||| qw: Game counter: 3922
     0 | D:1      | 0 ||| qw: Always use a shield: true
     0 | D:1      | 0 ||| qw: God list: Okawaru
     0 | D:1      | 0 ||| qw: Allow faded altars: false
     0 | D:1      | 0 ||| qw: Do Orc after D:15 true
     0 | D:1      | 0 ||| qw: Do second Lair branch before Depths: true
     0 | D:1      | 0 ||| qw: Lair rune preference: random
     0 | D:1      | 0 ||| qw: Plans: Normal, Zot:1-4, Slime:5, God:TSO, Crypt,
                  | Tomb, Abyss, Pan, Hells, Win
     0 | D:1      | 0 ||| PLANNING D:1-11
    69 | D:1      | 69 ||| Stepping ~*~*~tactically~*~*~ (stealth).
    71 | D:1      | 71 ||| Stepping ~*~*~tactically~*~*~ (stealth).
    75 | D:1      | Reached skill level 2 in Axes
   147 | D:1      | Reached XP level 2. HP: 19/19 MP: 2/2
   322 | D:1      | 322 ||| Stepping ~*~*~tactically~*~*~ (hiding).
   340 | D:1      | Reached skill level 3 in Axes
   356 | D:1      | Reached XP level 3. HP: 23/23 MP: 3/3
   558 | D:1      | 558 ||| UPGRADING to +0 chain mail.
   568 | D:1      | 568 ||| DROPPING +0 scale mail.
   569 | D:1      | 569 ||| READING scroll labelled QOXINU IR ENU.
   570 | D:1      | 570 ||| READING scroll labelled SEIDUSCHOIRPH.
   571 | D:1      | 571 ||| READING scroll labelled FAD YSEMNODD.
   629 | D:2      | Found a faded altar of an unknown god.
   711 | D:2      | 711 ||| Stepping ~*~*~tactically~*~*~ (stealth).
   870 | D:2      | 870 ||| Stepping ~*~*~tactically~*~*~ (stealth).
   941 | D:2      | Found a radiant altar of Vehumet.
   992 | D:2      | 992 ||| Stepping ~*~*~tactically~*~*~ (hiding).
  1017 | D:2      | 1017 ||| Stepping ~*~*~tactically~*~*~ (hiding).
  1039 | D:2      | Reached XP level 4. HP: 27/28 MP: 4/4
  1338 | D:2      | 1338 ||| READING scroll labelled MAUDAMU KOIFEN.
  1339 | D:2      | 1339 ||| READING scroll labelled HENYIR OLUIXIOS.
  1340 | D:2      | 1340 ||| READING 2 scrolls labelled SIXTIA RUBB.
  1341 | D:2      | 1341 ||| READING scroll labelled YPNESI ROUXOMO.
  1342 | D:2      | 1342 ||| DROPPING scroll of fear.
  1425 | D:3      | Reached skill level 4 in Axes
  1501 | D:3      | 1501 ||| DROPPING +0 whip.
  1633 | D:3      | Found a white marble altar of Elyvilon.
  1770 | D:3      | Noticed Grinder
  1772 | D:3      | 1772 ||| FLEEEEING.
  1773 | D:3      | Paralysed by Grinder for 2 turns
  1780 | D:3      | 1780 ||| FLEEEEING.
  1781 | D:3      | 1781 ||| FLEEEEING.
  1782 | D:3      | 1782 ||| FLEEEEING.
  1783 | D:3      | 1783 ||| FLEEEEING.
  1784 | D:3      | 1784 ||| FLEEEEING.
  1785 | D:3      | 1785 ||| FLEEEEING.
  1786 | D:3      | 1786 ||| FLEEEEING.
  1792 | D:3      | Killed Grinder
  1793 | D:3      | Reached skill level 5 in Axes
  1793 | D:3      | Reached XP level 5. HP: 25/32 MP: 5/5
  1793 | D:3      | Reached XP level 6. HP: 29/37 MP: 6/6
  2081 | D:3      | 2081 ||| READING scroll labelled NUG JYEWKE.
  2082 | D:3      | 2082 ||| READING scroll labelled MAASUO INGOXYWN.
  2127 | D:4      | Found a runed translucent door.
  2128 | D:4      | Noticed Crazy Yiuf
  2539 | D:4      | 2539 ||| FLEEEEING.
  2540 | D:4      | 2540 ||| FLEEEEING.
  2541 | D:4      | 2541 ||| FLEEEEING.
  2542 | D:4      | 2542 ||| FLEEEEING.
  2543 | D:4      | 2543 ||| FLEEEEING.
  2545 | D:4      | 2545 ||| FLEEEEING.
  2548 | D:4      | 2548 ||| Stepping ~*~*~tactically~*~*~ (hiding).
  2552 | D:4      | Reached skill level 6 in Axes
  2559 | D:4      | Reached XP level 7. HP: 25/43 MP: 7/7
  2690 | D:4      | Noticed Natasha
  2691 | D:4      | 2691 ||| Stepping ~*~*~tactically~*~*~ (stealth).
  2702 | D:4      | Reached skill level 1 in Dodging
  2703 | D:4      | Killed Natasha
  2772 | D:4      | Noticed Natasha
  2781 | D:4      | Killed Natasha
  2819 | D:4      | Noticed Natasha
  2820 | D:4      | 2820 ||| Stepping ~*~*~tactically~*~*~ (hiding).
  2831 | D:4      | Killed Natasha
  2859 | D:4      | 2859 ||| Stepping ~*~*~tactically~*~*~ (hiding).
  3080 | D:4      | 3080 ||| READING 3 scrolls labelled RAOJETUTHE.
  3081 | D:4      | 3081 ||| DROPPING 2 scrolls of amnesia.
  3096 | D:5      | Entered Level 5 of the Dungeon
  3108 | D:5      | HP: 4/43 [gnoll sergeant/+0 vampiric spear (8)]
  3110 | D:5      | Slain by a gnoll sergeant

Levels and vault maps discovered:
D:1:      heliophobic_arrival_glass_houses, layout_basic, minmay_tetromino_t2
D:2:      minmay_recursive_quarters, layout_basic,
          hellmonk_ecumenical_altar_slurped_away, basic_altar
D:3:      layout_basic, elyvilon_altar_1, minmay_misc_feat_four_crosses,
          uniq_grinder
D:4:      layout_basic, serial_corexii_hall, corexii_hall_statues_s,
          corexii_hall_statues_l, minivault_25, minmay_misc_feat_enclosed,
          uniq_natasha, uniq_crazy_yiuf_cottage
D:5:      layout_loops_corners, grunt_ministairs_13,
          nicolae_nh_oracle_at_delphi, uniq_eustachio, uniq_edmund

Skill      XL: |  1  2  3  4  5  6  7 |
---------------+----------------------+-----
Axes           | 2 3 5 6 |  6.7
Fighting       | 4 |  4.0
Dodging        | 1 |  1.3
Armour         | |  3.2
Shields        | |  3.2

Action                     |  1- 3 |  4- 6 |  7- 9 || total
---------------------------+-------+-------+-------++-------
  Melee: War axe           |   115 |   128 |    42 ||   285
    Use: Scroll            |     3 |     6 |     1 ||    10
 Armour: Scale mail        |    34 |       |       ||    34
         Chain mail        |    18 |    66 |    22 ||   106
  Dodge: Dodged            |    44 |    38 |    17 ||    99
  Block: Buckler           |    18 |    25 |    17 ||    60

Table legend:
 A = Non-vault XP
 B = Vault XP
 C = Vault XP percentage of total XP
 D = Non-vault monster count
 E = Vault monster count
 F = Vault count percentage of total count
                 A         B        C        D         E       F
            +---------+---------+-------+---------+---------+-------
      Total |     527 |     323 |  38.0 |      82 |      13 |  13.7
            +---------+---------+-------+---------+---------+-------
        D:1 |      37 |       1 |   2.6 |      21 |       1 |   4.5
        D:2 |      37 |      19 |  33.9 |      18 |      10 |  35.7
        D:3 |      28 |     267 |  90.5 |      17 |       1 |   5.6
        D:4 |     393 |      36 |   8.4 |      23 |       1 |   4.2
        D:5 |      32 |       0 |   0.0 |       3 |       0 |   0.0
            +---------+---------+-------+---------+---------+-------
